 Dungeon Crawl Stone Soup version 0.22-a0-425-g89d60a11d8 (webtiles) character file.

1785872 GordonOverkill the Slayer (level 27, 186/280 HPs)
             Began as a Hill Orc Transmuter on May 24, 2018.
             Was a High Priest of Okawaru.
             Escaped with the Orb
             ... and 3 runes!
             The game lasted 02:18:11 (62531 turns).

GordonOverkill the Slayer (Hill Orc Transmuter)    Turns: 62531, Time: 02:18:11

Health: 186/280    AC: 48    Str: 32    XL:     27
Magic:  38/38      EV: 35    Int: 25    God:    Okawaru [*****.]
Gold:   6159       SH: 30    Dex: 18    Spells: 29/29 levels left

rFire    + + +     SeeInvis +   b - +9 broad axe (chop)
rCold    + + .     Gourm    .   N - +0 large shield {rF+}
rNeg     . . .     Faith    .   f - +6 gold dragon scales
rPois    +         Spirit   .   E - +3 crown of Dyrovepreva {rElec Int+2 SInv}
rElec    +         Reflect  +   y - +2 cloak {MR+}
rCorr    .         Harm     .   M - +2 pair of gloves {Str+3}
MR       +++..                  H - +2 pair of boots {Fly}
Stlth    ..........             i - +2 amulet of reflection
HPRegen  0.56/turn              O - ring "Vionim" {*Drain EV+2 Int+10}
MPRegen  0.26/turn              w - +3 ring of evasion

@: mighty, agile, heroism, finesse, flying
A: hooves 1, cold resistance 1, deterioration 2, fire resistance 1, robust 1, no
potion heal 1
0: Orb of Zot
}: 3/15 runes: decaying, serpentine, silver
a: Heroism, Finesse, Renounce Religion, Stop Flying


You escaped.
You worshipped Okawaru.
Okawaru was extremely pleased with you.
You were not hungry.

You visited 9 branches of the dungeon, and saw 47 of its levels.
You visited the Abyss 2 times.
You visited 1 bazaar.
You also visited: Labyrinth.

You collected 8667 gold pieces.
You spent 2508 gold pieces at shops.

Inventory:

Hand Weapons
 a - a +8 broad axe of freezing
 b - a +9 broad axe of chopping (weapon)
Missiles
 G - 3 throwing nets (quivered)
Armour
 f - +6 gold dragon scales (worn)
 h - the +1 hat of the Hills {+Blink rF+ rC+ Int-2}
   (Okawaru gifted it to you on level 4 of the Vaults)

   It affects your intelligence (-2).
   It protects you from fire.
   It protects you from cold.
   It lets you blink.
 y - a +2 cloak of magic resistance (worn)
 E - the +3 crown of Dyrovepreva (worn) {rElec Int+2 SInv}
   (You acquired it on level 6 of the Lair of Beasts)

   It affects your intelligence (+2).
   It insulates you from electricity.
   It lets you see invisible.
 H - a +2 pair of boots of flying (worn)
 M - a +2 pair of gloves of strength (worn)
 N - a +0 large shield of fire resistance (worn)
Jewellery
 i - a +2 amulet of reflection (around neck)
 w - a +3 ring of evasion (right hand)
 O - the ring "Vionim" (left hand) {*Drain EV+2 Int+10}
   (You found it on level 4 of the Lair of Beasts)

   [ring of evasion]

   It affects your evasion (+2).
   It affects your intelligence (+10).
   It causes draining when unequipped.
Wands
 g - a wand of paralysis (41)
 l - a wand of enslavement (26)
 t - a wand of clouds (13)
 A - a wand of disintegration (26)
 B - a wand of iceblast (36)
 F - a wand of acid (22)
 I - a wand of scattershot (5)
 J - a wand of digging (20)
 Q - a wand of flame (26)
 R - a wand of polymorph (14)
Scrolls
 j - 4 scrolls of identify
 p - 4 scrolls of amnesia
 q - 17 scrolls of teleportation
 s - 7 scrolls of blinking
 u - 10 scrolls of fog
 v - a scroll of magic mapping
 z - 21 scrolls of remove curse
 C - 2 scrolls of fear
 D - a scroll of holy word
 L - 2 scrolls of summoning
Potions
 c - 2 potions of agility
 k - 5 potions of resistance
 m - 10 potions of lignification
 n - a potion of cancellation
 o - 12 potions of curing
 r - a potion of ambrosia
 x - 3 potions of haste
 P - 2 potions of brilliance
 S - 5 potions of might
 T - 4 potions of invisibility
 V - a potion of magic
 W - a potion of berserk rage
Comestibles
 d - 60 rations


   Skills:
 - Level 22.3(27) Fighting
 - Level 19.0(24.0) Axes
 - Level 22.0(27) Armour
 - Level 22.0(27) Dodging
 - Level 20.0(25.0) Shields
 - Level 3.2(8.2) Unarmed Combat
 - Level 1.5 Spellcasting
   Level 1.3 Transmutations
 + Level 22.2 Invocations
 - Level 5.0 Evocations


You had 29 spell levels left.
You didn't know any spells.
Your spell library contained the following spells:

 Spells                   Type           Power        Failure   Level  Hunger
 Cause Fear               Hex            #.........   99%         4    #####..
 Apportation              Tloc           #.....       50%         1    #......
 Bolt of Fire             Conj/Fire      #.........   100%        6    #######
 Bolt of Cold             Conj/Ice       #.........   100%        6    #######
 Lightning Bolt           Conj/Air       #.........   100%        5    ######.
 Confuse                  Hex            #.......     86%         3    ###....
 Freezing Cloud           Conj/Ice/Air   #.........   100%        6    #######
 Mephitic Cloud           Conj/Pois/Air  #.......     86%         3    ###....
 Summon Small Mammal      Summ           #...         50%         1    #......
 Animate Dead             Necr           N/A          99%         4    #####..
 Pain                     Necr           #...         50%         1    #......
 Animate Skeleton         Necr           N/A          50%         1    #......
 Vampiric Draining        Necr           #.........   86%         3    ###....
 Ozocubu's Refrigeration  Ice            #.........   100%        6    #######
 Regeneration             Chrm/Necr      #.........   86%         3    ###....
 Sublimation of Blood     Necr           #.........   63%         2    ###....
 Summon Demon             Summ           #.........   100%        5    ######.
 Recall                   Summ/Tloc      N/A          86%         3    ###....
 Spider Form              Tmut/Pois      #.........   77%         3    ###....
 Blade Hands              Tmut           #.........   100%        5    ######.
 Statue Form              Tmut/Erth      #........    100%        6    #######
 Ice Form                 Ice/Tmut       #.......     99%         4    #####..
 Dragon Form              Tmut           #.........   100%        7    #######
 Deflect Missiles         Chrm/Air       #.........   100%        6    #######
 Shadow Creatures         Summ           N/A          100%        6    #######
 Confusing Touch          Hex            #.....       50%         1    #......
 Flame Tongue             Conj/Fire      #....        50%         1    #......
 Passwall                 Tmut/Erth      #.........   52%         2    ###....
 Ignite Poison            Fire/Tmut/Pois #.......     80%         3    ###....
 Sticks to Snakes         Tmut           #.......     43%         2    ###....
 Ensorcelled Hibernation  Hex/Ice        #.....       63%         2    ###....
 Metabolic Englaciation   Hex/Ice        #.........   100%        5    ######.
 Silence                  Hex/Air        #.........   100%        5    ######.
 Alistair's Intoxication  Tmut/Pois      #.......     100%        5    ######.
 Simulacrum               Ice/Necr       #.........   100%        6    #######
 Conjure Ball Lightning   Conj/Air       #.........   100%        6    #######
 Petrify                  Tmut/Erth      #.......     99%         4    #####..
 Tornado                  Air            #.........   100%        9    #######
 Darkness                 Hex            #.........   100%        6    #######
 Aura of Abjuration       Summ           #.........   100%        5    ######.
 Beastly Appendage        Tmut           #.....       30%         1    #......
 Summon Forest            Summ/Tloc      #.........   100%        5    ######.
 Summon Lightning Spire   Summ/Air       #.......     99%         4    #####..
 Dragon's Call            Summ           #.........   100%        9    #######
 Summon Mana Viper        Hex/Summ       #.......     100%        5    ######.
 Hydra Form               Tmut           #.........   100%        6    #######
 Irradiate                Conj/Tmut      #.........   100%        5    ######.
 Gell's Gravitas          Tloc           #.........   86%         3    ###....
 Yara's Violent Unravell  Hex/Tmut       #.........   100%        5    ######.
 Poisonous Vapours        Pois/Air       #.....       63%         2    ###....
 Borgnjor's Vile Clutch   Necr/Erth      #.........   100%        5    ######.


Dungeon Overview and Level Annotations

Branches:
Dungeon (15/15)            Temple (1/1) D:7            Lair (6/6) D:8
  Swamp (4/4) Lair:2        Snake (4/4) Lair:4        Slime (0/5) Lair:6
    Orc (2/2) D:11            Elf (0/3) Orc:2        Vaults (5/5) D:14
  Crypt (0/3) Vaults:2     Depths (5/5) D:15            Zot (5/5) Depths:5

Altars:
Ashenzari
Cheibriados
Dithmenos
Elyvilon
Fedhas
Gozag
Hepliaklqana
Kikubaaqudgha
Makhleb
Nemelex Xobeh
Okawaru
Qazlal
Ru
Sif Muna
Trog
Uskayaw
Vehumet
Wu Jian
Xom
Yredelemnul
Zin
The Shining One
Beogh

Shops:
D:10 [   D:15 (   Orc:2 [(%(   Snake:3 *   Vaults:5 %   Depths:2 ([[

Portals:
Hell: Depths:1 Depths:2 Depths:3 Depths:4 Depths:5
Abyss: Depths:1 Depths:4
Pandemonium: Depths:3
Ziggurat: Depths:3


Innate Abilities, Weirdness & Mutations

You have large cloven feet.
Your flesh is cold resistant. (rC+)
Your body often deteriorates upon taking damage.
Your flesh is heat resistant. (rF+)
You are robust. (+10% HP)
Potions are less effective at restoring your health.


Message History

The hellwing completely misses you. x2
You barely miss the hellwing.
The hellwing is almost dead.
You slash the hellwing!
You kill the hellwing!
Okawaru accepts your kill. You block the smoke demon's attack.
The smoke demon completely misses you. You block the smoke demon's attack.
You slice the smoke demon!!
The smoke demon is severely wounded.
You block the smoke demon's attack. x2; The smoke demon barely misses you.
You slice the smoke demon!!
You kill the smoke demon!
Okawaru accepts your kill.
Evoke which item? (* to show all) (? for menu, Esc to quit)
Aiming: Dig
Press: ? - help, Shift-Dir - straight line The rock shatters into small pieces.
There is a staircase leading out of the dungeon here.
You have escaped!

###################.# #...#.#
....#...##.#..#..##.# #...#.#
.#....##.#..##..###.####.##.#
#....#...#.#.##..##...##....#
.#.....#.###.#.#.##.#.#######
.#...#..#...#.#####.#.#
#..#..)#.###.##.###.#.#
..#...#.##.....#.##...#
......##.#...###@##.###
#...#..#...###.####.#
#..#...#..###.#[###.#
.##..#..#.#.).##.##.#
.##..#..##.####..##.#
.#.....#.#..#..####.###
#.#..)##.##.###..##.#.#
#...#..##...##.#(##.#.#
###################)#.#


There were no monsters in sight!

Vanquished Creatures
  5 orbs of fire
  Mennas (Vaults:3)
  5 ancient liches
  Xtahua (Depths:5)
  Frederick (Vaults:3)
  2 Killer Klowns (Zot:5)
  Saint Roka (Vaults:3)
  3 curse toes
  10 golden dragons
  4 caustic shrikes (Depths:4)
  Jory (Depths:3)
  2 pandemonium lords (D:1)
  A bone dragon (Depths:5)
  the Enchantress (Depths:3)
  The ghost of Rrauwl the Eclecticist, an adept GnWz of Ashenzari (Vaults:2)
  Nikola (Depths:1)
  4 electric golems
  A Brimstone Fiend (D:5)
  A Hell Sentinel (Zot:3)
  Rupert (Snake:1)
  10 tentacled monstrosities
  2 liches
  28 Orb Guardians
  Asterion (Depths:1)
  5 quicksilver dragons
  4 titans (Vaults:5)
  2 tentacled starspawn (Abyss:5)
  An Executioner (Abyss:5)
  8 death cobs
  Gastronok (Lair:2)
  5 sphinxes
  A tengu reaver (Depths:2)
  16 storm dragons
  Kirke (Swamp:1)
  3 draconian monks
  7 nagarajas
  11 shadow dragons
  9 fire giants
  A fire giant (shapeshifter) (Vaults:5)
  3 deep elf sorcerers
  10 draconian scorchers
  3 draconian knights
  2 corrupters (D:13)
  2 iron dragons
  9 frost giants
  A cacodemon (D:9)
  A ghoul (Vaults:4)
  A ghost moth (Zot:5)
  10 vault wardens
  An angel (Abyss:5)
  2 draconian shifters (Zot:3)
  7 draconian annihilators
  14 ironheart preservers
  A reaper (D:1)
  3 spriggan defenders (Depths:3)
  3 draconian stormcallers
  28 stone giants
  32 very ugly things
  3 vampire knights
  5 entropy weavers
  An ophan (Abyss:5)
  4 deep elf demonologists
  9 white draconians
  10 black draconians
  4 dire elephants (Lair:6)
  A spark wasp (Depths:3)
  9 purple draconians
  8 yellow draconians
  11 green draconians
  A lorocyproca (D:9)
  9 red draconians
  4 deep elf annihilators
  A minotaur (Lab)
  A crystal guardian (Vaults:2)
  2 green deaths
  12 ettins
  13 fire dragons
  A deep elf death mage (Vaults:5)
  11 great orbs of eyes
  4 deep elf high priests
  Josephine (Lair:5)
  7 rakshasas
  6 ice dragons
  2 jiangshi
  15 yaktaur captains
  The ghost of eLGassi the Archer, a journeyman MiBe of Trog (D:9)
  Fannar (D:10)
  A monstrous demonspawn (D:7)
  Erolcha (D:10)
  28 vault guards
  12 naga warriors
  4 spriggan air magi
  16 hydras
  13 centaur warriors
  2 ghost crabs
  57 two-headed ogres
  13 anacondas
  2 catoblepae
  Erica (D:10)
  9 tengu warriors
  7 alligators
  2 death knights (Vaults:4)
  A death yak (shapeshifter) (Vaults:5)
  20 ogre magi
  11 thrashing horrors (Abyss:5)
  8 deep troll earth magi
  3 hell hogs (D:10)
  4 deep troll shamans
  14 naga sharpshooters
  A vampire mage (Vaults:2)
  A sun demon (D:1)
  7 spriggan berserkers
  9 spriggans
  Sonja (Lair:1)
  8 shock serpents
  A soul eater (D:9)
  3 deep elf knights
  A fire crab (shapeshifter) (Depths:3)
  3 wretched stars (Abyss:5)
  4 sixfirhies
  3 hell knights (Depths:2)
  7 salamander mystics
  5 skeletal warriors
  2 spriggan druids (Swamp:4)
  A flayed ghost (Vaults:3)
  5 unseen horrors
  A spatial maelstrom (Zot:5)
  4 glowing orange brains
  25 deep trolls
  21 large abominations
  A glowing orange brain (shapeshifter) (Vaults:2)
  6 swamp dragons (Swamp:4)
  13 orc knights
  18 wizards
  4 deep elf archers
  A lindwurm (shapeshifter) (Depths:5)
  A shambling mangrove (Swamp:4)
  3 necromancers
  6 naga ritualists
  5 lindwurms
  An obsidian statue (Snake:1)
  4 harpies (Vaults:4)
  A shining eye (shapeshifter) (Depths:3)
  2 phantasmal warriors
  14 ironbrand convokers
  8 mana vipers
  10 deep elf magi
  2 wolf spiders
  4 orc sorcerers
  29 ugly things
  27 moths of wrath
  5 cyclopes
  9 salamanders
  2 salamanders (shapeshifter)
  2 manticores
  36 black mambas
  9 elephants (Lair:6)
  An apocalypse crab (Abyss:5)
  10 naga magi
  A guardian serpent (shapeshifter) (Depths:5)
  A black mamba (shapeshifter) (Vaults:2)
  14 vault sentinels
  11 guardian serpents
  2 rust devils
  2 gargoyles
  2 spiny frogs (shapeshifter)
  14 spiny frogs
  A hellion (Abyss:5)
  An orange demon (D:9)
  5 smoke demons
  An efreet (D:15)
  49 yaktaurs
  7 komodo dragons
  9 freezing wraiths
  An ice devil (D:1)
  8 trolls
  3 hellwings
  2 ancient zymes (Abyss:5)
  A merfolk (shapeshifter) (Vaults:5)
  A troll (shapeshifter) (Vaults:5)
  3 jumping spiders (shapeshifter)
  2 polar bears (shapeshifter)
  2 tengu conjurers
  13 hornets
  13 tyrant leeches
  5 polar bears
  A jumping spider (Vaults:3)
  A slime creature (shapeshifter) (D:15)
  3 raiju (Abyss:5)
  7 bog bodies
  34 slime creatures
  3 blink frogs
  11 hippogriffs
  2 ynoxinuls
  A redback (shapeshifter) (Depths:1)
  2 vampires
  A shadow (D:13)
  4 redbacks
  39 yaks
  5 water elementals
  A tarantella (Vaults:3)
  A wyvern (shapeshifter) (Vaults:2)
  6 wraiths
  Sigmund (D:3)
  A tarantella (shapeshifter) (Vaults:4)
  A hog (shapeshifter) (Depths:4)
  2 hogs (Swamp:1)
  A human (shapeshifter) (Vaults:2)
  7 wyverns
  3 chaos spawn
  A neqoxec (Abyss:5)
  3 hungry ghosts
  A yaktaur simulacrum (Vaults:2)
  5 basilisks
  11 swamp worms
  28 vampire mosquitoes
  2 wargs
  12 insubstantial wisps
  40 nagas
  11 soldier ants
  A harpy simulacrum (Abyss:5)
  4 acid dragons
  8 porcupines
  6 water moccasins
  45 orc warriors
  A sky beast (shapeshifter) (Vaults:5)
  5 sky beasts
  7 swamp drakes
  3 ice beasts
  2 black bears (shapeshifter)
  5 black bears
  7 phantoms
  5 wolves
  56 ogres
  46 centaurs
  9 crocodiles
  6 small abominations
  4 earth elementals (Abyss:5)
  18 bullfrogs
  2 wyvern zombies
  A wyvern skeleton (D:6)
  4 scorpions
  6 killer bees (D:11)
  11 wights
  8 electric eels
  5 howler monkeys
  11 crimson imps
  2 bullfrog zombies
  5 centaur zombies
  2 human simulacra
  2 centaur skeletons
  8 starcursed masses (Abyss:5)
  8 jellies
  A bullfrog skeleton (D:8)
  7 orc priests
  3 hounds
  21 orc wizards
  Terence (D:2)
  Jessica (D:3)
  22 worker ants
  2 iguanas
  5 polar bear simulacra (D:12)
  3 wolf simulacra (D:12)
  A hound skeleton (D:7)
  A hound zombie (D:8)
  2 worker ant zombies
  14 gnolls
  A howler monkey skeleton (D:9)
  8 adders
  8 shadow imps
  A white imp (D:7)
  4 oozes
  An adder skeleton (D:7)
  5 worms
  A dart slug (D:4)
  4 leopard geckos
  93 orcs
  7 giant cockroaches
  13 hobgoblins
  8 jackals
  9 kobolds
  2 quokkas (D:7)
  5 bats
  4 frilled lizards (D:1)
  A giant cockroach zombie (D:5)
  20 goblins
  10 rats
  3 river rat simulacra (D:12)
  A block of ice (D:1)
  6 crawling corpses (Vaults:5)
  6 fungi
  9 plants
  A starspawn tentacle (Abyss:5)
2083 creatures vanquished.

Vanquished Creatures (collateral kills)
  Frances (D:14)
  2 nagarajas
  A vault warden (Vaults:1)
  2 dire elephants (Lair:6)
  2 hydras (Swamp:4)
  3 naga warriors
  5 centaur warriors
  A catoblepas (Lair:6)
  5 anacondas
  An alligator (Swamp:2)
  A queen ant (Lair:5)
  A deep troll shaman (Vaults:2)
  2 naga sharpshooters
  4 shock serpents (Snake:4)
  2 spriggan druids (Swamp:4)
  An unseen horror (Vaults:1)
  2 swamp dragons
  A shambling mangrove (Swamp:2)
  An ironbrand convoker (Vaults:2)
  2 lindwurms
  A wolf spider (Vaults:1)
  An orc sorcerer (Orc:2)
  2 mana vipers (Snake:4)
  3 ugly things
  An elephant (Lair:6)
  8 black mambas
  3 naga magi
  2 spiny frogs
  3 hornets
  A tyrant leech (Swamp:3)
  A troll (D:14)
  5 blink frogs
  3 slime creatures
  A bog body (Swamp:2)
  2 hippogriffs
  2 spriggans
  3 yaks (Lair:6)
  A basilisk (Lair:3)
  A vampire mosquito (Swamp:3)
  5 insubstantial wisps
  7 nagas
  2 swamp worms (Swamp:4)
  4 soldier ants (Lair:5)
  2 water moccasins (Lair:5)
  11 orc warriors
  5 swamp drakes
  An eye of draining (D:13)
  A wolf (Lair:3)
  9 centaurs
  3 ogres
  A crocodile (Lair:5)
  2 bullfrogs
  A gnoll sergeant (D:12)
  A jelly (D:14)
  5 orc wizards
  An orc priest (D:11)
  5 worker ants
  A shadow imp (D:14)
  14 orcs
  3 fungi
  A plant (Lair:6)
169 creatures vanquished.

Vanquished Creatures (others)
  An ancient lich (Zot:5)
  3 very ugly things
  A deep elf high priest (Vaults:5)
  3 yaktaur captains
  A large abomination (D:1)
  A moth of wrath (Zot:5)
  8 yaktaurs
  A tengu conjurer (Depths:1)
  A swamp drake (Swamp:4)
  5 bushes
  A crawling corpse (Vaults:5)
  6 demonic plants (Abyss:5)
  A fungus (Lair:6)
  4 plants
  5 starspawn tentacles (Abyss:5)
42 creatures vanquished.

Grand Total: 2294 creatures vanquished

Notes
Turn   | Place    | Note
-------+----------+-------------------------------------------
     0 | D:1      | GordonOverkill the Hill Orc Transmuter began the quest for the Orb.
     0 | D:1      | Reached XP level 1. HP: 16/16 MP: 3/3
   326 | D:1      | Reached XP level 2. HP: 22/24 MP: 2/4
   636 | D:1      | Reached XP level 3. HP: 26/31 MP: 3/5
  1561 | D:2      | Reached XP level 4. HP: 21/40 MP: 4/6
  1641 | D:2      | Noticed Terence
  2324 | D:2      | Gained mutation: Your magical capacity is low. (-10% MP) [potion of mutation]
  2324 | D:2      | Gained mutation: You are resistant to hostile enchantments. (MR+) [potion of mutation]
  2324 | D:2      | Gained mutation: You occasionally shout uncontrollably at your foes. [potion of mutation]
  2324 | D:2      | Gained mutation: You have a pair of small horns on your head. [potion of mutation]
  2337 | D:2      | Killed Terence
  2337 | D:2      | Reached skill level 5 in Fighting
  2865 | D:2      | Reached skill level 1 in Armour
  3054 | D:2      | Lost mutation: Your magical capacity is low. (-10% MP) [potion of mutation]
  3054 | D:2      | Lost mutation: You occasionally shout uncontrollably at your foes. [potion of mutation]
  3054 | D:2      | Lost mutation: You are resistant to hostile enchantments. (MR+) [potion of mutation]
  3054 | D:2      | Gained mutation: Your mind is acute. (Int +2) [potion of mutation]
  3054 | D:2      | Gained mutation: You evolve. [potion of mutation]
  3054 | D:2      | Gained mutation: You are agile. (Dex +2) [potion of mutation]
  3054 | D:2      | Gained mutation: You are very agile. (Dex +4) [potion of mutation]
  3199 | D:3      | Reached XP level 5. HP: 44/48 MP: 7/7
  3369 | D:3      | Found a sacrificial altar of Ru.
  3437 | D:3      | You fall through a shaft for 3 floors!
  3544 | D:6      | Reached XP level 6. HP: 50/56 MP: 8/8
  3909 | D:6      | Reached skill level 5 in Armour
  4034 | D:6      | Reached XP level 7. HP: 7/62 MP: 9/9
  4565 | D:6      | Gained mutation: You have large cloven feet. [evolution]
  4763 | D:5      | Entered Level 5 of the Dungeon
  5110 | D:5      | Reached skill level 5 in Axes
  5632 | D:3      | Noticed Sigmund
  5642 | D:3      | Killed Sigmund
  5642 | D:3      | Reached XP level 8. HP: 70/70 MP: 10/10
  5889 | D:3      | Noticed Jessica
  5893 | D:3      | Killed Jessica
  6056 | D:4      | Found a shadowy altar of Dithmenos.
  6060 | D:4      | Found a shimmering altar of Xom.
  6243 | D:4      | Found a glowing golden altar of the Shining One.
  7102 | D:6      | Found a shattered altar of Ashenzari.
  7251 | D:6      | Reached skill level 10 in Axes
  7500 | D:6      | Reached XP level 9. HP: 68/75 MP: 11/11
  7713 | D:7      | Noticed a troll
  7716 | D:7      | Found an ancient bone altar of Kikubaaqudgha.
  7721 | D:7      | Killed a troll
  8242 | D:7      | Found a staircase to the Ecumenical Temple.
  8247 | Temple   | Entered the Ecumenical Temple
  8332 | Temple   | Became a worshipper of Warmaster Okawaru
  8378 | D:7      | Reached skill level 1 in Invocations
  8451 | D:7      | You fall through a shaft for 3 floors!
  8451 | D:10     | Entered Level 10 of the Dungeon
  8461 | D:10     | Noticed Fannar
  8481 | D:10     | Killed Fannar
  8662 | D:10     | Reached * piety under Okawaru
  8662 | D:10     | Reached XP level 10. HP: 84/84 MP: 13/13
  8676 | D:10     | Reached skill level 5 in Invocations
  8769 | D:10     | Noticed Erolcha
  8783 | D:10     | Cast into level 2 of the Abyss (Erolcha)
  8793 | D:10     | Escaped the Abyss
  8837 | D:10     | Killed Erolcha
  8837 | D:10     | Reached ** piety under Okawaru
  8951 | D:10     | Gained mutation: Your flesh is heat resistant. (rF+) [evolution]
  9123 | D:10     | Noticed a two-headed ogre
  9132 | D:10     | Killed a two-headed ogre
  9132 | D:10     | Reached *** piety under Okawaru
  9216 | D:9      | Reached skill level 15 in Axes
  9414 | D:7      | Noticed a two-headed ogre
  9500 | D:7      | Found a white marble altar of Elyvilon.
  9500 | D:7      | Found a deep blue altar of Sif Muna.
  9634 | D:7      | Found a radiant altar of Vehumet.
  9770 | D:8      | Found a hide-covered altar of Uskayaw.
  9804 | D:8      | Reached XP level 11. HP: 75/94 MP: 11/14
  9824 | D:8      | Reached **** piety under Okawaru
 10094 | D:8      | Found a staircase to the Lair.
 10163 | D:7      | Killed a two-headed ogre
 10688 | D:8      | Found a glowing silver altar of Zin.
 10817 | D:8      | Noticed a deep elf mage
 10841 | D:8      | Killed a deep elf mage
 10929 | D:8      | Identified Wuatsy's Guide on Toxic Weightlessness
 10943 | D:8      | Reached ***** piety under Okawaru
 11617 | D:9      | Found a bloodstained altar of Trog.
 11784 | D:9      | Found a stormy altar of Qazlal.
 12120 | D:9      | Noticed eLGassi's ghost (journeyman MiBe)
 12164 | D:9      | Killed eLGassi's ghost
 12656 | D:9      | Noticed a two-headed ogre
 12857 | D:9      | Killed a two-headed ogre
 13842 | D:10     | Found Muawaduh's Armour Emporium.
 13887 | D:10     | Noticed Erica
 13895 | D:10     | Killed Erica
 13895 | D:10     | Reached XP level 12. HP: 98/101 MP: 13/17
 13942 | Lair:1   | Entered Level 1 of the Lair of Beasts
 14234 | Lair:1   | Noticed a five-headed hydra
 14241 | Lair:1   | Reached skill level 5 in Dodging
 14249 | Lair:1   | Killed a one-headed hydra
 14249 | Lair:1   | Received a gift from Okawaru
 14250 | Lair:1   | Found the +14 obsidian axe {chop, +Fly SInv *Curse}
 14718 | Lair:1   | Noticed Sonja
 14741 | Lair:1   | Killed Sonja
 15140 | Lair:1   | Reached skill level 10 in Fighting
 15344 | Lair:2   | Noticed an eight-headed hydra
 15354 | Lair:2   | Killed a 14-headed hydra
 15432 | Lair:2   | Noticed Gastronok
 15443 | Lair:2   | Killed Gastronok
 15590 | Lair:2   | Reached skill level 1 in Shields
 15731 | Lair:2   | Found a staircase to the Swamp.
 16330 | Lair:3   | Received a gift from Okawaru
 16435 | Lair:3   | Reached XP level 13. HP: 115/118 MP: 16/18
 16436 | Lair:3   | Reached skill level 5 in Shields
 17075 | Lair:4   | Found a staircase to the Snake Pit.
 17101 | Lair:4   | Found a labyrinth entrance.
 17111 | Lab      | Entered a labyrinth
 17528 | Lab      | Noticed a minotaur
 17534 | Lab      | Killed a minotaur
 17548 | Lab      | Identified the Papyrus of the Mutagenic Birds
 17746 | Lair:4   | Got a smoking glass ring
 17762 | Lair:4   | Identified the ring "Vionim" {*Drain EV+2 Int+10} (You found it on level 4 of the Lair of Beasts)
 18340 | Lair:5   | Received a gift from Okawaru
 18387 | Lair:5   | Noticed Josephine
 18399 | Lair:5   | Killed Josephine
 18402 | Lair:5   | Reached skill level 10 in Shields
 18431 | Lair:5   | Noticed an entropy weaver
 18440 | Lair:5   | Killed an entropy weaver
 18559 | Lair:5   | Gained mutation: You are weak. (Str -2) [evolution]
 18870 | Lair:5   | Noticed an entropy weaver
 18877 | Lair:5   | Killed an entropy weaver
 19151 | Lair:6   | Entered Level 6 of the Lair of Beasts
 19172 | Lair:6   | Reached ****** piety under Okawaru
 19190 | Lair:6   | Reached XP level 14. HP: 90/126 MP: 9/19
 19613 | Lair:6   | Identified 2 scrolls of acquirement
 19614 | Lair:6   | Found the +3 crown of Dyrovepreva {rElec Int+2 SInv}
 19642 | Lair:6   | Received a gift from Okawaru
 19779 | Lair:6   | Found a staircase to the Slime Pits.
 20042 | Lair:6   | Got a shimmering shield
 20053 | Lair:6   | Identified the +2 shield of Fortitude {*Slow rElec rC++ SInv} (You acquired it on level 6 of the Lair of Beasts)
 20281 | Lair:6   | Noticed a dire elephant
 20292 | Lair:6   | Killed a dire elephant
 20416 | Lair:6   | Noticed a dire elephant
 20416 | Lair:6   | Noticed a dire elephant
 20423 | Lair:6   | Killed a dire elephant
 20428 | Lair:6   | Killed a dire elephant
 20619 | Lair:6   | Noticed a dire elephant
 20634 | Lair:6   | Killed a dire elephant
 21012 | Lair:6   | Noticed a dire elephant
 21026 | Lair:6   | Killed a dire elephant
 21071 | Lair:6   | Noticed a dire elephant
 21084 | Lair:6   | Killed a dire elephant
 21100 | Lair:6   | Found a staircase to the Slime Pits.
 21717 | D:11     | Received a gift from Okawaru
 21739 | D:11     | Reached skill level 15 in Shields
 21797 | D:11     | Found a staircase to the Orcish Mines.
 22274 | D:11     | Noticed a storm dragon
 22280 | D:11     | Killed a storm dragon
 22282 | D:11     | Received a gift from Okawaru
 22427 | Orc:1    | Entered Level 1 of the Orcish Mines
 22476 | Orc:2    | Entered Level 2 of the Orcish Mines
 22675 | Orc:2    | Found a roughly hewn altar of Beogh.
 22971 | Orc:2    | Found a staircase to the Elven Halls.
 23043 | Orc:2    | Found Fuon's Weapon Emporium.
 23043 | Orc:2    | Found Kesadd's Food Shop.
 23048 | Orc:2    | Found Enecusoe's Weapon Boutique.
 23053 | Orc:2    | Found Muohoap's Antique Armour Shoppe.
 23227 | Orc:2    | Reached XP level 15. HP: 132/132 MP: 19/21
 23374 | Orc:2    | Bought a glowing cloak for 262 gold pieces
 23387 | Orc:2    | Bought a shiny plate armour for 910 gold pieces
 23968 | D:12     | Received a gift from Okawaru
 24373 | D:12     | Lost mutation: You evolve. [evolution]
 24702 | D:12     | Got a scorched chain mail
 24703 | D:12     | Identified the +2 chain mail of Egalitarianism {rF+ MR+} (You found it on level 12 of the Dungeon)
 25128 | D:13     | Reached skill level 10 in Invocations
 25459 | D:14     | Noticed Frances
 25469 | D:14     | Killed Frances
 25469 | D:14     | Received a gift from Okawaru
 25911 | D:14     | Found a gate to the Vaults.
 26392 | D:15     | Entered Level 15 of the Dungeon
 26419 | D:15     | Got an ancient war axe
 26420 | D:15     | Identified the cursed +2 war axe "Dihaich" {elec, +Rage Dex+4} (You found it on level 15 of the Dungeon)
 26528 | D:15     | Found a sacrificial altar of Ru.
 26894 | D:15     | Found Feunoz's Weapon Shop.
 27013 | D:15     | Found a staircase to the Depths.
 27026 | D:15     | Received a gift from Okawaru
 27030 | D:15     | Noticed a ghost moth
 27030 | D:15     | a great orb of eyes changed into a ghost moth
 27033 | D:15     | a ghost moth changed into an ettin
 27274 | Swamp:1  | Entered Level 1 of the Swamp
 27310 | Swamp:1  | Noticed Kirke
 27320 | Swamp:1  | Killed Kirke
 27578 | Swamp:1  | Reached XP level 16. HP: 137/139 MP: 23/23
 28005 | Swamp:2  | Received a gift from Okawaru
 29018 | Swamp:3  | Received a gift from Okawaru
 29033 | Swamp:3  | Got an ancient battleaxe {god gift}
 29986 | Swamp:4  | Entered Level 4 of the Swamp
 30018 | Swamp:4  | Received a gift from Okawaru
 30054 | Swamp:4  | Lost mutation: Your mind is acute. (Int +2) [a neqoxec]
 30061 | Swamp:4  | Reached skill level 10 in Armour
 30439 | Swamp:3  | Identified the +1 battleaxe of Absolution {holy, MR+ Dex+4} (Okawaru gifted it to you on level 3 of the Swamp)
 30519 | Swamp:4  | Got a decaying rune of Zot
 30773 | Swamp:4  | Received a gift from Okawaru
 30822 | Swamp:4  | Reached XP level 17. HP: 146/146 MP: 24/24
 31275 | Snake:1  | Entered Level 1 of the Snake Pit
 32004 | Snake:1  | Noticed Rupert
 32018 | Snake:1  | Killed Rupert
 32401 | Snake:2  | Received a gift from Okawaru
 32406 | Snake:2  | Got a brightly glowing chain mail {god gift}
 32407 | Snake:2  | Identified the +0 chain mail of the Salamander {+Blink rN+ Regen+ Stlth+} (Okawaru gifted it to you on level 2 of the Snake Pit)
 33478 | Snake:3  | Reached skill level 15 in Fighting
 33496 | Snake:3  | Received a gift from Okawaru
 33907 | Snake:3  | Found Patiedd's General Store.
 33915 | Snake:3  | Bought a +2 chain mail of poison resistance for 296 gold pieces
 33915 | Snake:3  | Bought a scroll of holy word for 120 gold pieces
 33915 | Snake:3  | Bought a potion of heal wounds for 80 gold pieces
 33946 | Snake:3  | Got a pair of bloodstained gloves
 33947 | Snake:3  | Identified the +1 pair of gloves of Failure {rElec MR+ Stlth+} (You found it on level 3 of the Snake Pit)
 34159 | Snake:4  | Entered Level 4 of the Snake Pit
 34413 | Snake:4  | Reached XP level 18. HP: 133/166 MP: 19/25
 34713 | Snake:4  | Received a gift from Okawaru
 35568 | Snake:4  | Got a serpentine rune of Zot
 35756 | Snake:4  | Received a gift from Okawaru
 36448 | Vaults:1 | Entered Level 1 of the Vaults
 36662 | Vaults:1 | Reached XP level 19. HP: 179/184 MP: 26/26
 36718 | Vaults:1 | Reached skill level 1 in Evocations
 37773 | Vaults:2 | Reached skill level 5 in Evocations
 37910 | Vaults:2 | Received a gift from Okawaru
 38340 | Vaults:2 | Noticed Rrauwl's ghost (adept GnWz)
 38366 | Vaults:2 | Killed Rrauwl's ghost
 38655 | Vaults:2 | Found a staircase to the Crypt.
 38670 | Vaults:2 | Reached skill level 15 in Armour
 38806 | Vaults:2 | Received a gift from Okawaru
 38952 | Vaults:2 | Reached XP level 20. HP: 193/193 MP: 27/27
 39384 | Vaults:3 | Noticed Saint Roka
 39384 | Vaults:3 | Noticed Mennas
 39413 | Vaults:3 | Killed Saint Roka
 39431 | Vaults:3 | Killed Mennas
 40312 | Vaults:3 | Received a gift from Okawaru
 40859 | Vaults:3 | Noticed Frederick
 40880 | Vaults:3 | Killed Frederick
 41073 | Vaults:4 | Found a flickering gateway to a bazaar.
 41111 | Bazaar   | Entered a bazaar
 41111 | Bazaar   | Found Mos Roim's Magic Scroll Boutique.
 41111 | Bazaar   | Found Zekame's Gadget Boutique.
 41113 | Bazaar   | Found Ytidweun's Gadget Shoppe.
 41117 | Bazaar   | Found Ecoetaz's Jewellery Boutique.
 41128 | Bazaar   | Found Feoff's Jewellery Boutique.
 41137 | Bazaar   | Found Udiesoj's Book Emporium.
 41194 | Bazaar   | Bought a scroll of summoning for 95 gold pieces
 41194 | Bazaar   | Bought a scroll of blinking for 75 gold pieces
 41194 | Bazaar   | Bought a scroll of magic mapping for 35 gold pieces
 41194 | Bazaar   | Bought a scroll of fear for 35 gold pieces
 41194 | Bazaar   | Bought a scroll of teleportation for 30 gold pieces
 41194 | Bazaar   | Bought a scroll of teleportation for 30 gold pieces
 41212 | Bazaar   | Bought a wand of digging (14) for 540 gold pieces
 41381 | Vaults:4 | Reached XP level 21. HP: 206/206 MP: 28/28
 42433 | Depths:1 | Entered Level 1 of the Depths
 42447 | Depths:1 | Noticed Asterion
 42474 | Depths:1 | Killed Asterion
 42483 | Depths:1 | Received a gift from Okawaru
 42687 | Depths:1 | Found a gateway to Hell.
 42745 | Depths:1 | Noticed Nikola
 42749 | Depths:1 | Found a huge runed gate.
 42749 | Depths:1 | Found a huge runed gate.
 42749 | Depths:1 | Found a huge runed gate.
 42749 | Depths:1 | Found a huge runed gate.
 42749 | Depths:1 | Found a huge runed gate.
 42749 | Depths:1 | Found a huge runed gate.
 42749 | Depths:1 | Found a huge runed gate.
 42749 | Depths:1 | Found a huge runed gate.
 42749 | Depths:1 | Found a huge runed gate.
 42749 | Depths:1 | Found a huge runed gate.
 42764 | Depths:1 | Killed Nikola
 42892 | Depths:1 | Received a gift from Okawaru
 43162 | Depths:1 | Found a huge runed gate.
 43163 | Depths:1 | Found a huge runed gate.
 43163 | Depths:1 | Found a huge runed gate.
 43164 | Depths:1 | Found a huge runed gate.
 43165 | Depths:1 | Found a huge runed gate.
 43166 | Depths:1 | Found a huge runed gate.
 43199 | Depths:1 | Found a one-way gate to the infinite horrors of the Abyss.
 43231 | Depths:1 | Found a huge runed gate.
 43232 | Depths:1 | Found a huge runed gate.
 43233 | Depths:1 | Found a huge runed gate.
 43241 | Depths:1 | Found a huge runed gate.
 43241 | Depths:1 | Found a huge runed gate.
 43241 | Depths:1 | Found a huge runed gate.
 43264 | Depths:1 | Found a huge runed gate.
 43264 | Depths:1 | Found a huge runed gate.
 43264 | Depths:1 | Found a huge runed gate.
 43264 | Depths:1 | Found a huge runed gate.
 43264 | Depths:1 | Found a huge runed gate.
 43264 | Depths:1 | Found a huge runed gate.
 43306 | Depths:1 | Reached XP level 22. HP: 129/215 MP: 15/29
 43592 | Depths:2 | Found Gozag's Antique Armour Shoppe.
 44001 | Depths:2 | Noticed a golden dragon
 44013 | Depths:2 | Found Gozag's Antique Weapon Shoppe.
 44023 | Depths:2 | Found an opulent altar of Gozag.
 44024 | Depths:2 | Found Gozag's Antique Armour Emporium.
 44353 | Depths:2 | Received a gift from Okawaru
 44399 | Depths:2 | Killed a golden dragon
 45449 | Depths:3 | Noticed Jory
 45476 | Depths:3 | Killed Jory
 45812 | D:14     | You are sucked into a shaft!
 46402 | Depths:3 | Received a gift from Okawaru
 46506 | Depths:3 | Reached XP level 23. HP: 217/223 MP: 30/30
 46543 | Depths:3 | Found a gateway to a ziggurat.
 46564 | Depths:3 | Noticed the Enchantress
 46598 | Depths:3 | Killed the Enchantress
 46621 | Depths:3 | Reached skill level 10 in Dodging
 46995 | Depths:3 | Found a one-way gate leading to the halls of Pandemonium.
 47845 | Depths:4 | Noticed a caustic shrike
 47846 | Depths:4 | Noticed a caustic shrike
 47846 | Depths:4 | Noticed a caustic shrike
 47846 | Depths:4 | Noticed a caustic shrike
 47861 | Depths:4 | Killed a caustic shrike
 47862 | Depths:4 | Killed a caustic shrike
 47866 | Depths:4 | Killed a caustic shrike
 47874 | Depths:4 | Killed a caustic shrike
 48118 | Depths:4 | Received a gift from Okawaru
 48885 | Depths:5 | Entered Level 5 of the Depths
 49204 | Depths:5 | Noticed Xtahua
 49224 | Depths:5 | Killed Xtahua
 49479 | Depths:5 | Reached XP level 24. HP: 210/231 MP: 28/30
 49517 | Depths:5 | Found a gate to the Realm of Zot.
 49543 | Depths:5 | Received a gift from Okawaru
 50957 | Vaults:5 | Entered Level 5 of the Vaults
 50973 | Vaults:5 | Reached skill level 15 in Dodging
 50973 | Vaults:5 | Received a gift from Okawaru
 51058 | Vaults:4 | Received a gift from Okawaru
 51062 | Vaults:4 | Got a smoking hat {god gift}
 51063 | Vaults:4 | Identified the +1 hat of the Hills {+Blink rF+ rC+ Int-2} (Okawaru gifted it to you on level 4 of the Vaults)
 51616 | Vaults:5 | Reached XP level 25. HP: 238/238 MP: 30/30
 51664 | Vaults:5 | Noticed an ancient lich
 51681 | Vaults:5 | Killed an ancient lich
 51760 | Vaults:5 | Received a gift from Okawaru
 52025 | Vaults:5 | Got an ichor-stained hat {god gift}
 52039 | Vaults:5 | Identified the +0 hat of Hats {Str+2 Dex+4} (Okawaru gifted it to you on level 5 of the Vaults)
 52542 | Vaults:5 | Got a silver rune of Zot
 52812 | Vaults:5 | Found Icoroj's Food Shoppe.
 53274 | Zot:1    | Entered Level 1 of the Realm of Zot
 53811 | Zot:1    | Received a gift from Okawaru
 54422 | Zot:1    | Reached XP level 26. HP: 156/246 MP: 30/30
 55425 | Zot:2    | Noticed an orb of fire
 55437 | Zot:2    | Gained mutation: Scrolls take you a little longer to read. [an orb of fire]
 55451 | Zot:2    | Killed an orb of fire
 55526 | Zot:2    | Found the +10 dark maul {crush}
 57811 | Zot:4    | Received a gift from Okawaru
 59090 | Zot:5    | Entered Level 5 of the Realm of Zot
 59332 | Zot:5    | Noticed an ancient lich
 59354 | Zot:5    | Paralysed by an ancient lich for 7 turns
 59364 | Zot:5    | Killed an ancient lich
 59364 | Zot:5    | Reached XP level 27. HP: 187/254 MP: 26/30
 59626 | Zot:5    | Noticed an orb of fire
 59645 | Zot:5    | Gained mutation: Potions are less effective at restoring your health. [an orb of fire]
 59650 | Zot:5    | Killed an orb of fire
 59722 | Zot:5    | Noticed an ancient lich
 59735 | Zot:5    | Killed an ancient lich
 59784 | Zot:5    | Lost mutation: You have large cloven feet. [potion of mutation]
 59784 | Zot:5    | Lost mutation: You are very agile. (Dex +4) [potion of mutation]
 59784 | Zot:5    | Lost mutation: You are weak. (Str -2) [potion of mutation]
 59784 | Zot:5    | Gained mutation: You are resistant to hostile enchantments. (MR+) [potion of mutation]
 59785 | Zot:5    | Lost mutation: You are resistant to hostile enchantments. (MR+) [potion of mutation]
 59785 | Zot:5    | Lost mutation: You have a pair of small horns on your head. [potion of mutation]
 59785 | Zot:5    | Lost mutation: Scrolls take you a little longer to read. [potion of mutation]
 59785 | Zot:5    | Lost mutation: You are agile. (Dex +2) [potion of mutation]
 59785 | Zot:5    | Gained mutation: Your flesh is cold resistant. (rC+) [potion of mutation]
 59785 | Zot:5    | Gained mutation: Your body sometimes deteriorates upon taking damage. [potion of mutation]
 59785 | Zot:5    | Gained mutation: You are robust. (+10% HP) [potion of mutation]
 59796 | Zot:5    | Noticed an ancient lich
 59814 | Zot:5    | Killed an ancient lich
 59814 | Zot:5    | Received a gift from Okawaru
 60189 | Zot:5    | Noticed an ancient lich
 60208 | Zot:5    | Cast into level 5 of the Abyss (an ancient lich)
 60208 | Abyss:5  | Entered Level 5 of the Abyss
 60426 | Abyss:5  | Reached skill level 15 in Invocations
 60431 | Zot:5    | Escaped the Abyss
 60437 | Zot:5    | Killed an ancient lich
 60598 | Zot:5    | Noticed an ancient lich
 60608 | Zot:5    | Killed an ancient lich
 60608 | Zot:5    | Received a gift from Okawaru
 60701 | Zot:5    | Noticed an ancient lich
 60799 | Zot:5    | Noticed an orb of fire
 60812 | Zot:5    | Killed an orb of fire
 61226 | Zot:5    | Noticed an orb of fire
 61231 | Zot:5    | Noticed an orb of fire
 61243 | Zot:5    | Killed an orb of fire
 61256 | Zot:5    | Killed an orb of fire
 61256 | Zot:5    | Received a gift from Okawaru
 61500 | Zot:5    | Got the Orb of Zot
 61597 | Zot:3    | Noticed Paocvy the pandemonium lord
 61688 | Zot:2    | Noticed Tofaelav the pandemonium lord
 61812 | Depths:1 | Noticed Okkuite the pandemonium lord
 62091 | D:9      | Gained mutation: Your body often deteriorates upon taking damage. [a cacodemon]
 62094 | D:9      | Gained mutation: You have large cloven feet. [a cacodemon]
 62195 | D:8      | Noticed Ohajebb the pandemonium lord
 62444 | D:1      | Noticed Ceaxeow the pandemonium lord
 62460 | D:1      | Killed Ceaxeow the pandemonium lord
 62471 | D:1      | Noticed Poifuots the pandemonium lord
 62493 | D:1      | Killed Poifuots the pandemonium lord
 62531 | D:$      | Escaped with the Orb!

Vault maps used:
D:1:      erik_arrival_cave_to_civilisation, minmay_misc_feat_hallway,
          hangedman_abyss_or_decor_stabs
D:2:      uniq_terence
D:3:      lemuel_doored_altar, minmay_goblin_outpost, uniq_sigmund, uniq_jessica
D:4:      nicolae_tso_carved_into_rock, grunt_temple_overflow_open,
          minmay_misc_feat_more_columns
D:5:      first_ration
D:6:      ashenzari_altar_1
D:7:      gammafunk_temple_overflow_statue, lemuel_crystal_altar,
          nicolae_overflow_hidden_temple, minmay_temple_entry_statues_pillars,
          grunt_ogre_cave, hex_tiny
D:8:      minmay_cut_squares, eat_drink_and_be_merry_uskayaw, kennysheep_mini,
          david_lair_generic, minmay_tree_intersection
D:9:      grunt_qazlal_clouds, bloody_trog, serial_bayou, serial_bayou_pond_b,
          serial_bayou_ford_a, serial_bayou_shore_a, serial_bayou_pond_a
D:10:     serial_shops, kennysheep_little_box, uniq_fannar, uniq_erica,
          uniq_erolcha
D:11:     hiddenorc1_lemuel, minmay_three_doors
D:12:     roderic_serpentine_path, eino_house_with_fridge
D:14:     david_vaults_1, minmay_misc_feat_ornament, lightli_fourway_metalbox,
          uniq_frances
D:15:     gammafunk_enter_depths_forms, basic_altar, wad_floor_pattern_1,
          serial_shops, shop, minmay_misc_feat_four_crosses
Temple:   compressed_dpeg_circular_temple
Lair:1:   st_stairs_7, infiniplex_staircase_pool, grunt_megastairs_3, uniq_sonja
Lair:2:   swamp_mist, cheibrodos_lair_lostbears, uniq_gastronok
Lair:3:   grunt_megastairs_1, lemuel_fruit_tree
Lair:4:   minmay_snake_entry_guardpost_small, lab_entry_generic
Lair:5:   zaba_antful_of_joy, uniq_josephine
Lair:6:   due_jungle_book, nicolae_slime_entry_slimehenge
Swamp:1:  hangedman_swamp_lotus, uniq_kirke
Swamp:2:  evilmike_swamp_ruin_rubble_1
Swamp:3:  hangedman_swamp_ruin_wall, swamp_pool1
Swamp:4:  swamp_alternative
Snake:1:  dpeg_stationary_puzzle, uniq_rupert
Snake:2:  grunt_megastairs_5
Snake:3:  serial_shops, nicolae_shop_competitors_out_of_business
Snake:4:  snake_pit_salamanders_mu, stair_cage_line, nicolae_snake_shapes
Orc:2:    st_orc_rangers, basic_altar
Vaults:1: ontoclasm_vaults_spin, grunt_vaults_hallway_short,
          grunt_vaults_twisty, ontoclasm_vaults_ring_small,
          nicolae_vaults_three_branches, nicolae_vaults_little_squares_5,
          v_misc_4, vaults_room_pools, ontoclasm_vaults_twist,
          grunt_vaults_diagonal, ontoclasm_vaults_chip
Vaults:2: hangedman_vaults_slice, nicolae_vaults_asterisk,
          nicolae_vaults_fighting_squares, minmay_crypt_entry_simple_round,
          hangedman_vaults_stream, v_misc_2, nicolae_vaults_little_squares_1,
          grunt_vaults_trifunnel, v_misc_17, nicolae_vaults_specimen_jars,
          nicolae_vaults_little_squares_3, nicolae_vaults_ring_of_whatevers,
          vaults_mumra_hex
Vaults:3: ontoclasm_vaults_bender, nicolae_vaults_angled_halls, v_pattern_1,
          v_misc_23, nicolae_vaults_alarming, v_rooms_4, uniq_mennas,
          uniq_saint_roka, uniq_frederick
Vaults:4: v_misc_5, vaults_dpeg_diagonal, v_misc_27, hangedman_vaults_snaps,
          hangedman_vaults_trim, vaults_room_pools,
          ontoclasm_vaults_claustrophobia, hangedman_vaults_corner_blocks,
          serial_shops, bzr_entry_islet
Depths:1: minmay_room_of_horrors, kennysheep_nondescript, hell_entry,
          door_vault, uniq_asterion, uniq_nikola
Depths:2: kennysheep_gozag_temple, fountainhead, hell_entry,
          minmay_checkered_concentric_circles
Depths:3: minmay_connected_triangles_in_corner, enter_ziggurat_c, pan_entry,
          hangedman_abyss_or_decor_jellyfish_corner, hell_entry,
          infiniplex_staircase_spiral_double, uniq_jory, uniq_enchantress
Depths:4: minmay_tri_stars, serial_bayou_shore_b, grunt_hell_entry_dis_mu,
          abyss_entry, kennysheep_generic_room_14, infiniplex_staircase_squiggle
Depths:5: grunt_x_marks_the_spot, minmay_misc_feat_rugged, hangedman_geh_valley,
          uniq_xtahua
Zot:1:    grunt_megastairs_2
Zot:3:    kennysheep_oblong_rooms, st_stairs_13
Zot:4:    kennysheep_spiral_hall, lemuel_baited_zot_trap
Abyss:5:  evilmike_abyss_exit_plants, hangedman_stitches_earthworm,
          evilmike_abyss_exit_10, nicolae_abyss_rune_star_stuff,
          evilmike_abyss_exit_8
Lab:      labyrinth_hidden_loot, labyrinth_skeletal_remains,
          nicolae_lab_flowing_pool
Bazaar:   bazaar_minmay_challenge

Skill      XL: |  1  2  3  4  5  6  7  8  9 10 11 12 13 14 15 16 17 18 19 20 21 22 23 24 25 26 27 |
---------------+----------------------------------------------------------------------------------+-----
Fighting       | 3 4 5 6 8 12 15 19 20 21 22 | 22.3
Dodging        | 2 3 4 5 9 13 16 19 21 22 | 22.0
Armour         | 1 3 5 6 7 11 12 15 17 20 22 | 22.0
Axes           | 7 11 13 15 17 18 19 | 19.0
Invocations    | 4 5 7 8 10 22 | 22.2
Shields        | 4 12 16 18 20 | 20.0
Evocations     | 5 |  5.0
Unarmed Combat | |  3.2
Spellcasting   | |  1.5
Transmutations | |  1.3

Action                   |  1- 3 |  4- 6 |  7- 9 | 10-12 | 13-15 | 16-18 | 19-21 | 22-24 | 25-27 || total
-------------------------+-------+-------+-------+-------+-------+-------+-------+-------+-------++-------
Melee: Unarmed           |   132 |    47 |       |       |       |       |       |       |       ||   179
       Headbutt          |     4 |    36 |    68 |   132 |   191 |   224 |   311 |   337 |   343 ||  1646
       Kick              |     6 |     6 |    43 |       |       |       |       |       |       ||    55
       Punch             |     3 |     1 |     4 |    14 |       |       |       |       |       ||    22
       Flail             |       |   139 |   108 |       |       |       |       |       |       ||   247
       Hand axe          |       |       |   209 |   560 |       |       |       |       |       ||   769
       Broad axe         |       |       |       |    95 |   893 |  1040 |  1130 |  1136 |  1724 ||  6018
       Scimitar          |       |       |       |     6 |       |       |       |       |       ||     6
Throw: Javelin           |       |     6 |     3 |       |       |       |       |       |       ||     9
       Throwing net      |       |       |       |       |       |       |       |       |     1 ||     1
 Cast: Beastly Appendage |    23 |     8 |       |       |       |       |       |       |       ||    31
Invok: Heroism           |       |       |       |    25 |    17 |    28 |    19 |    29 |    35 ||   153
       Finesse           |       |       |       |     1 |     3 |     6 |     3 |     7 |    14 ||    34
 Abil: Evoke Flight      |       |       |       |       |     1 |       |       |       |       ||     1
Evoke: Wand              |       |       |     5 |    14 |       |       |     3 |     3 |     6 ||    31
  Use: Potion            |       |     3 |     1 |     2 |     1 |     8 |     7 |     1 |     8 ||    31
       Scroll            |       |    10 |     8 |     9 |    17 |     9 |    13 |     8 |    17 ||    91
 Stab: Paralysed         |       |       |    13 |    11 |       |       |     2 |       |       ||    26
       Petrified         |       |       |       |       |     3 |       |       |       |       ||     3
       Distracted        |       |       |       |       |     6 |    12 |     2 |     1 |       ||    21
       Confused          |       |       |       |       |       |       |       |       |     1 ||     1
  Eat: Chunk             |     3 |     7 |    13 |    18 |    32 |    16 |    19 |    11 |    12 ||   131
       Ration            |       |       |     1 |     2 |     1 |     4 |     1 |     5 |     8 ||    22
Armor: Robe              |    17 |    11 |       |       |       |       |       |       |       ||    28
       Chain mail        |       |    99 |   166 |   140 |       |    52 |       |       |       ||   457
       Plate armour      |       |       |       |    41 |   250 |    39 |   220 |    47 |       ||   597
       Swamp dragon scal |       |       |       |       |       |   164 |       |       |       ||   164
       Gold dragon scale |       |       |       |       |       |       |       |   268 |   494 ||   762
Dodge: Dodged            |    88 |    72 |   108 |   239 |   220 |   379 |   263 |   376 |   676 ||  2421
Block: Shield            |       |       |       |    10 |    63 |       |       |       |       ||    73
       Large shield      |       |       |       |       |   648 |   998 |  1000 |  1092 |  1608 ||  5346
       Reflection        |       |       |       |       |       |       |       |    69 |    36 ||   105

Table legend:
 A = Spawn XP
 B = Non-spawn XP
 C = Spawn XP percentage of total XP
 D = Spawn monster count
 E = Non-spawn monster count
 F = Spawn count percentage of total count
 G = Total turns spent on level
                    A         B        C        D         E        F      G
               +---------+---------+-------+---------+---------+-------+---------
         Total |   26366 | 1456134 |   1.8 |      35 |    2171 |   1.6 | 62531
               +---------+---------+-------+---------+---------+-------+---------
           D:1 |       0 |      79 |   0.0 |       0 |      36 |   0.0 |  1893
           D:2 |       0 |      79 |   0.0 |       0 |      15 |   0.0 |  1398
           D:3 |       0 |     288 |   0.0 |       0 |      24 |   0.0 |  1045
           D:4 |       0 |     448 |   0.0 |       0 |      12 |   0.0 |   711
           D:5 |       0 |     413 |   0.0 |       0 |      21 |   0.0 |   915
           D:6 |       0 |    1095 |   0.0 |       0 |      21 |   0.0 |  2034
           D:7 |       0 |    1856 |   0.0 |       0 |      23 |   0.0 |  1393
           D:8 |       0 |    4402 |   0.0 |       0 |      45 |   0.0 |  1888
           D:9 |       0 |    4427 |   0.0 |       0 |      42 |   0.0 |  2111
          D:10 |       0 |    6031 |   0.0 |       0 |      25 |   0.0 |  1212
          D:11 |       0 |   10174 |   0.0 |       0 |      68 |   0.0 |  1061
          D:12 |       0 |    7725 |   0.0 |       0 |      61 |   0.0 |  1177
          D:13 |       0 |    6143 |   0.0 |       0 |      31 |   0.0 |   671
          D:14 |       0 |   10919 |   0.0 |       0 |      40 |   0.0 |  1154
          D:15 |       0 |   11079 |   0.0 |       0 |      29 |   0.0 |   971
        Lair:1 |       0 |    5808 |   0.0 |       0 |      18 |   0.0 |  1423
        Lair:2 |       0 |    5183 |   0.0 |       0 |      15 |   0.0 |  1004
        Lair:3 |       0 |    5739 |   0.0 |       0 |      27 |   0.0 |   856
        Lair:4 |       0 |    4096 |   0.0 |       0 |      18 |   0.0 |   895
        Lair:5 |       0 |   11409 |   0.0 |       0 |      52 |   0.0 |   958
        Lair:6 |       0 |   17085 |   0.0 |       0 |      45 |   0.0 |  2112
       Swamp:1 |       0 |    8288 |   0.0 |       0 |      20 |   0.0 |   874
       Swamp:2 |       0 |   10540 |   0.0 |       0 |      43 |   0.0 |   842
       Swamp:3 |       0 |   15601 |   0.0 |       0 |      45 |   0.0 |  1429
       Swamp:4 |       0 |   26318 |   0.0 |       0 |      61 |   0.0 |   806
       Snake:1 |       0 |   16671 |   0.0 |       0 |      28 |   0.0 |   889
       Snake:2 |       0 |    9122 |   0.0 |       0 |      25 |   0.0 |   659
       Snake:3 |       0 |   24014 |   0.0 |       0 |      41 |   0.0 |  1396
       Snake:4 |       0 |   70262 |   0.0 |       0 |     118 |   0.0 |  1988
         Orc:1 |       0 |     583 |   0.0 |       0 |      11 |   0.0 |   417
         Orc:2 |       0 |    6904 |   0.0 |       0 |      68 |   0.0 |  1007
      Vaults:1 |       0 |   33579 |   0.0 |       0 |      67 |   0.0 |  1105
      Vaults:2 |       0 |   73238 |   0.0 |       0 |     105 |   0.0 |  2264
      Vaults:3 |       0 |   53909 |   0.0 |       0 |      75 |   0.0 |  1401
      Vaults:4 |       0 |   65534 |   0.0 |       0 |      95 |   0.0 |  1442
      Vaults:5 |       0 |  162383 |   0.0 |       0 |     162 |   0.0 |  1845
      Depths:1 |       0 |   78363 |   0.0 |       0 |      94 |   0.0 |  1647
      Depths:2 |       0 |   63065 |   0.0 |       0 |      60 |   0.0 |  1535
      Depths:3 |       0 |   73775 |   0.0 |       0 |      63 |   0.0 |  1689
      Depths:4 |       0 |   62586 |   0.0 |       0 |      52 |   0.0 |  1426
      Depths:5 |       0 |   70230 |   0.0 |       0 |      61 |   0.0 |  1896
         Zot:1 |       0 |   69717 |   0.0 |       0 |      47 |   0.0 |  1552
         Zot:2 |       0 |   52380 |   0.0 |       0 |      27 |   0.0 |  1477
         Zot:3 |       0 |   32514 |   0.0 |       0 |      19 |   0.0 |  1587
         Zot:4 |       0 |   42754 |   0.0 |       0 |      26 |   0.0 |  1565
         Zot:5 |    1779 |  211587 |   0.8 |       2 |      68 |   2.9 |  2021
       Abyss:5 |   24587 |    6585 |  78.9 |      33 |      21 |  61.1 |   223
           Lab |       0 |    1154 |   0.0 |       0 |       1 |   0.0 |   444
               +---------+---------+-------+---------+---------+-------+---------
